 Dungeon Crawl Stone Soup version 0.29.1-15-g9cfb28693d (webtiles) character file.

Game seed: 17429891803206618390

129899 EarthwalkerPL the Warrior (level 16, 0/155 HPs)
             Began as a Minotaur Fighter on Apr 16, 2023.
             Was the Champion of Okawaru.
             Slain by an alligator snapping turtle (20 damage)
             ... on level 3 of the Shoals on Apr 17, 2023.
             The game lasted 01:12:46 (31259 turns).

EarthwalkerPL the Warrior (Minotaur Fighter)       Turns: 31259, Time: 01:12:47

Health: 0/155      AC: 23    Str: 28    XL:     16   Next: 51%
Magic:  30/30      EV: 11    Int:  5    God:    Okawaru [******]
Gold:   1908       SH: 20    Dex: 13    Spells: 15/15 levels left

rFire   + . .      SeeInvis .   u - +6 shillelagh "Devastator" {shatter}
rCold   x . .      Faith    .   W - +2 tower shield {rN+}
rNeg    + + .      Spirit   .   a - +4 chain mail {rF+}
rPois   +          Reflect  .   (helmet restricted)
rElec   .          Harm     .   t - +0 cloak
rCorr   +          Rampage  +   h - +1 pair of gloves
Will    .....                   x - +1 pair of boots {rampage}
Stlth   ..........              S - amulet "Hifeok" {Acrobat Regen+ rCorr MP+9 Stlth-}
HPRegen 1.15/turn               X - ring "Valiocots" {Fly rPois rC- rN+ Dex+2 Stlth+}
MPRegen 0.22/turn               A - ring of resist corrosion

@: lit by a corona, weak-willed, flying, glowing, studying 2 skills
A: horns 2, retaliatory headbutt
a: Renounce Religion, Heroism, Finesse, Duel


You were on level 3 of the Shoals.
You worshipped Okawaru.
Okawaru was exalted by your worship.
You visited 5 branches of the dungeon, and saw 26 of its levels.
You visited the Abyss 1 time.
You also visited: Ossuary.

You collected 3625 gold pieces.
You spent 1717 gold pieces at shops.

Inventory:

Hand Weapons
 u - the +6 shillelagh "Devastator" (weapon) {shatter}
   (You found it on level 3 of the Dungeon)

   It releases a powerful concussive burst when it strikes, dealing extra damage
   to the target and all other foes adjacent to them.
 v - the +7 hammer of the Ethereal God {vamp, Will- Str+2 Dex+4}
   (You found it on level 3 of the Dungeon)

   It occasionally heals its wielder for a portion of the damage dealt when it
   wounds a living foe.
   Str:       It affects your strength (+2).
   Dex:       It affects your dexterity (+4).
   Will:      It decreases your willpower.
Missiles
 c - 2 datura-tipped darts
 g - 19 javelins
 k - 78 poisoned darts
 s - 41 boomerangs (quivered)
 z - 15 silver javelins
 P - 5 curare-tipped darts
 T - 3 silver boomerangs
Armour
 a - a +4 chain mail of fire resistance (worn)
 h - a +1 pair of gloves (worn)
 n - a +3 plate armour of willpower
 t - a +0 cloak (worn)
 x - a +1 pair of boots of rampaging (worn)
 W - a +2 tower shield of positive energy (worn)
Jewellery
 m - the ring "Verina" {rF++ Str+6 Int-5 Dex+2}
   (You found it on level 15 of the Dungeon)

   [ring of strength]

   Str:       It affects your strength (+6).
   Int:       It affects your intelligence (-5).
   Dex:       It affects your dexterity (+2).
   rF:        It greatly protects you from fire.
 A - a ring of resist corrosion (right hand)
 S - the amulet "Hifeok" (around neck) {Acrobat Regen+ rCorr MP+9 Stlth-}
   (You bought it in a shop on level 2 of the Orcish Mines)

   [amulet of the acrobat]

   It increases your evasion while moving and waiting.
   MP:        It affects your magic capacity (+9).
   Regen:     It increases your rate of health regeneration.
   rCorr:     It protects you from acid and corrosion.
   Stlth:     It makes you less stealthy.
 X - a ring "Valiocots" (left hand) {Fly rPois rC- rN+ Dex+2 Stlth+}
   (You acquired it on level 5 of the Lair of Beasts)

   [ring of poison resistance]

   Dex:       It affects your dexterity (+2).
   rC:        It makes you vulnerable to cold.
   rPois:     It protects you from poison.
   rN:        It protects you from negative energy.
   Fly:       It grants you flight.
   Stlth:     It makes you more stealthy.
 Z - an amulet of reflection
Wands
 b - a wand of polymorph (3)
 K - a wand of flame (50)
 M - a wand of roots (17)
 O - a wand of quicksilver (14)
 U - a wand of digging (13)
Scrolls
 e - 6 scrolls of noise
 i - 4 scrolls of magic mapping
 j - 5 scrolls of teleportation
 p - 7 scrolls of enchant weapon
 w - 4 scrolls of amnesia
 y - 6 scrolls of fear
 B - 2 scrolls of poison
 C - 4 scrolls of enchant armour
 L - 5 scrolls of immolation
 N - a scroll of brand weapon
 Q - 5 scrolls of blinking
 V - 3 scrolls of vulnerability
 Y - 2 scrolls of torment
Potions
 d - a potion of might
 f - 4 potions of brilliance
 l - 4 potions of magic
 o - 17 potions of curing
 q - 5 potions of lignification
 r - 3 potions of heal wounds {unknown}
 D - 3 potions of ambrosia
 E - 4 potions of haste
 F - 4 potions of invisibility
 G - 3 potions of mutation
 H - 3 potions of berserk rage {unknown}
 I - 6 potions of degeneration
 J - 3 potions of resistance {unknown}
 R - 3 potions of attraction {unknown}


   Skills:
 * Level 17.4 Fighting
 * Level 16.3(19.0) Axes
 * Level 15.8(18.7) Maces & Flails
 - Level 1.5(10.8) Polearms
 + Level 5.9 Throwing
 * Level 12.5 Armour
 * Level 10.1 Dodging
 + Level 15.0 Shields
 + Level 8.9 Invocations


You had 15 spell levels left.
You didn't know any spells.
Your spell library contained the following spells:

 Spells                   Type           Power      Damage    Failure   Level
 Apportation              Tloc           0%         N/A       100%        1
 Beastly Appendage        Tmut           0%         N/A       100%        1
 Sandblast                Erth           0%         2d4       100%        1
 Ensorcelled Hibernation  Hex/Ice        0%         N/A       100%        2
 Passwall                 Tmut/Erth      0%         N/A       100%        2
 Poisonous Vapours        Pois/Air       0%         N/A       100%        2
 Static Discharge         Conj/Air       0%         3-3/arc   100%        2
 Sublimation of Blood     Necr           0%         N/A       100%        2
 Wereblood                Tmut           0%         N/A       100%        2
 Ignite Poison            Fire/Tmut/Pois 0%         N/A       100%        3
 Inner Flame              Hex/Fire       0%         N/A       100%        3
 Mephitic Cloud           Conj/Pois/Air  0%         N/A       100%        3
 Spider Form              Tmut/Pois      0%         N/A       100%        3
 Swiftness                Air            0%         N/A       100%        3
 Vampiric Draining        Necr           0%         2d6       100%        3
 Corpse Rot               Necr/Pois/Air  0%         N/A       100%        4
 Dispel Undead            Necr           0%         3d6       100%        4
 Fulminant Prism          Conj/Hex       0%         3d6       100%        4
 Iskenderun's Mystic Bla  Conj/Tloc      0%         2d3       100%        4
 Sticky Flame             Conj/Fire      0%         2d3       100%        4
 Alistair's Intoxication  Tmut/Pois      0%         N/A       100%        5
 Freezing Cloud           Conj/Ice/Air   0%         6-21      100%        5
 Lee's Rapid Deconstruct  Erth           0%         3d5*      100%        5
 Iron Shot                Conj/Erth      0%         9d1       100%        6
 Storm Form               Tmut/Air       0%         N/A       100%        7
 Maxwell's Capacitive Co  Air            0%         ∞         100%        8
 Necromutation            Tmut/Necr      0%         N/A       100%        8
 Summon Small Mammal      Summ           Unusable   N/A       N/A         1
 Summon Ice Beast         Ice/Summ       Unusable   N/A       N/A         4
 Summon Lightning Spire   Summ/Air       Unusable   N/A       N/A         4
 Death Channel            Necr           Unusable   N/A       N/A         6
 Haunt                    Necr/Summ      Unusable   N/A       N/A         7
 Summon Hydra             Summ           Unusable   N/A       N/A         7

Dungeon Overview and Level Annotations

Branches:
Dungeon (15/15)            Temple (1/1) D:4            Lair (5/5) D:10
 Shoals (3/4) Lair:3       Spider (0/4) Lair:2        Slime (0/5) Lair:5
    Orc (2/2) D:9             Elf (0/3) Orc:2        Vaults (0/5) D:14
 Depths (0/4) D:15        Ossuary (visited)

Altars:
Ashenzari
Cheibriados
Dithmenos
Elyvilon
Fedhas
Gozag
Hepliaklqana
Kikubaaqudgha
Makhleb
Nemelex Xobeh
Okawaru
Qazlal
Ru
Sif Muna
Trog
Uskayaw
Vehumet
Wu Jian
Xom
Yredelemnul
Zin
The Shining One

Shops:
D:3 :*   D:5 !   D:10 :   Orc:1 *[?(   Orc:2 =!((


Innate Abilities, Weirdness & Mutations

You have a pair of horns on your head.
You reflexively headbutt those who attack you in melee.


Message History

The faun hits you with a +2 spear of freezing.
The faun freezes you. You block the faun's attack.
You hit the faun.
The faun, the alligator snapping turtle and the merfolk shudder.
The faun is heavily wounded.
The merfolk is moderately wounded.
You headbutt the faun!
The faun is severely wounded.
You block the merfolk's attack. The faun misses you.
The alligator snapping turtle bites you from afar!!
* * * LOW HITPOINT WARNING * * *
You thump the faun!
The faun, the alligator snapping turtle and the merfolk shudder.
You kill the faun!
Okawaru accepts your kill.
The alligator snapping turtle is lightly wounded.
The merfolk is heavily wounded.
The faun misses you. You furiously retaliate!
You headbutt the faun. You block the merfolk's attack.
You thump the faun!
You kill the faun!
Okawaru accepts your kill.
You block the alligator snapping turtle's attack.
The merfolk completely misses you.
Your Shields skill increases to level 15!
You rampage towards the merfolk!
You hit the merfolk but do no damage.
The merfolk is heavily wounded.
You bludgeon the merfolk!!
The merfolk and the alligator snapping turtle shudder.
You kill the merfolk!
Okawaru accepts your kill.
The alligator snapping turtle is moderately wounded.
The alligator snapping turtle bites you!!
* * * LOW HITPOINT WARNING * * *
Okay, then.
You hit the alligator snapping turtle but do no damage.
You headbutt the alligator snapping turtle, but do no damage.
The alligator snapping turtle is moderately wounded.
The alligator snapping turtle bites you!!
You die...

≈≈≈~~~~≈≈≈≈≈≈≈≈
~≈~~~~≈≈≈~~~~≈≈
~~~~~~~~~~..~~~
~~~~~~~>.....
~~~~~~~~....
~.~~~~....#
~.....))?.#
#...).###..
#.)@.......
.....#t)..~≈≈..
~.........≈≈≈..
~...~~~~~~≈≈≈~.
~~~~~~~~~~≈≈≈~~
~~~~~~~~~~.≈≈~.
~~~~~~~~~....~.
~~~~~~~~~....~~


You could see an alligator snapping turtle.

Vanquished Creatures
  Saint Roka (Orc:2)
  Mlioglotl (Shoals:1)
  2 tentacled starspawn (Abyss:2)
  A sphinx (D:13)
  An orc warlord (Orc:2)
  Aizul (Shoals:2)
  Louise (Shoals:1)
  A minotaur (Shoals:2)
  Snorg (D:10)
  A merfolk javelineer (Shoals:2)
  The ghost of Sensen the Severer, a journeyman MiBe of Trog (Lair:2)
  3 fire dragons
  A spriggan zombie (Abyss:2)
  Josephine (Lair:5)
  11 hydras
  Erica (D:10)
  Erolcha (D:10)
  6 boulder beetles
  2 catoblepae (Lair:5)
  3 satyrs
  8 centaur warriors
  An ice dragon (Lair:5)
  A merfolk avatar (Shoals:1)
  2 dancing weapons (D:14)
  3 two-headed ogres
  5 death yaks (Lair:5)
  The ghost of rlgrobin the Arsonist, a journeyman TeFE of Vehumet (D:11)
  3 tengu warriors (D:13)
  A deep troll earth mage (D:13)
  An orc high priest (Orc:1)
  2 thrashing horrors (Abyss:2)
  Urug (Lair:1)
  Nergalle (D:11)
  Amaemon (Lair:1)
  A shadow wraith (Abyss:2)
  2 sea snakes (Shoals:1)
  5 skeletal warriors (D:15)
  A flayed ghost (D:13)
  2 starcursed masses (Abyss:2)
  A swamp dragon (Lair:5)
  4 deep elf pyromancers
  2 orc knights (Orc:2)
  5 harpies (Shoals:1)
  2 lindwurms (Lair:5)
  15 ugly things
  2 orc sorcerers (Orc:2)
  9 cyclopes
  A black mamba (Lair:5)
  9 fauns
  3 manticores
  Maurice (D:8)
  12 elephants
  A water nymph (Shoals:2)
  4 merfolk sirens
  2 gargoyles (D:10)
  An orange demon (Lair:1)
  A kobold demonologist (D:12)
  10 cane toads
  7 torpor snails (Lair:5)
  2 unseen horrors
  2 efreet
  3 tengu conjurers
  3 rime drakes
  8 komodo dragons
  7 trolls
  2 polar bears
  4 meliai
  A queen bee (Lair:2)
  6 merfolk
  7 hornets
  A tarantella (Lair:2)
  5 snapping turtles
  2 wind drakes
  26 slime creatures
  3 blink frogs (Lair:5)
  4 tyrant leeches (Lair:5)
  2 dream sheep (Shoals:1)
  A vampire (D:13)
  A shadow (D:9)
  8 wyverns
  A large abomination (Abyss:2)
  A water elemental (Shoals:1)
  6 wraiths
  49 yaks
  Grum (D:8)
  8 basilisks
  8 redbacks (D:15)
  8 vampire mosquitoes
  3 wargs
  2 steam dragons
  An acid dragon (Lair:5)
  11 water moccasins
  Duvessa (D:4)
  46 orc warriors
  An ice beast (D:5)
  3 sky beasts
  A black bear (D:6)
  3 swamp drakes (Lair:5)
  8 ogres
  3 wolves (D:8)
  18 centaurs
  An elf zombie (Ossuary)
  6 kobold brigands
  A gnoll sergeant (D:11)
  A scorpion (D:5)
  4 bullfrogs
  A necrophage (D:8)
  An earth elemental (Abyss:2)
  Dowan (D:4)
  15 killer bees
  5 electric eels
  3 howler monkeys
  A centaur zombie (Ossuary)
  2 human zombies (Ossuary)
  5 hounds
  21 orc priests
  Crazy Yiuf (D:3)
  8 iguanas
  Terence (D:3)
  Natasha (D:4)
  17 orc wizards
  2 mummies (Ossuary)
  11 gnolls
  13 adders
  2 shadow imps
  A white imp (D:4)
  An ufetubus (D:7)
  An adder zombie (Ossuary)
  A worm (D:3)
  2 dart slugs
  78 orcs
  5 ball pythons
  4 endoplasms
  A giant cockroach (D:2)
  4 goblins
  8 hobgoblins
  A quokka (D:4)
  8 bats
  3 frilled lizards
  A goblin zombie (Ossuary)
  8 hobgoblin zombies (Ossuary)
  A jackal zombie (Ossuary)
  16 kobolds
  8 kobold zombies (Ossuary)
  12 orc zombies (Ossuary)
  4 rats
  2 rat zombies (Ossuary)
750 creatures vanquished.

Vanquished Creatures (others)
  An iguana (Lair:5)
  A bush (Lair:5)
  20 fungi
  115 plants
  3 starspawn tentacles (Abyss:2)
140 creatures vanquished.

Grand Total: 890 creatures vanquished

Notes
Turn   | Place    | Note
-------+----------+-------------------------------------------
     0 | D:1      | EarthwalkerPL the Minotaur Fighter began the quest for the
                  | Orb.
     0 | D:1      | Reached XP level 1. HP: 19/19 MP: 0/0
   392 | D:1      | Reached XP level 2. HP: 27/27 MP: 1/1
   733 | D:2      | Reached skill level 4 in Fighting
   752 | D:2      | Reached skill level 1 in Maces & Flails
   773 | D:2      | Reached skill level 1 in Polearms
   777 | D:2      | Reached XP level 3. HP: 32/33 MP: 2/2
   790 | D:2      | Found a hide-covered altar of Uskayaw.
   986 | D:2      | Found a faded altar of an unknown god.
  1054 | D:2      | Reached XP level 4. HP: 39/40 MP: 3/3
  1349 | D:3      | Noticed Terence
  1358 | D:3      | Killed Terence
  1406 | D:3      | Found Zopnu's General Store.
  1413 | D:3      | Reached XP level 5. HP: 44/47 MP: 4/4
  1546 | D:3      | Found the +6 shillelagh "Devastator" {shatter}
  1555 | D:3      | Identified the +7 hammer of the Ethereal God {vamp, Will-
                  | Str+2 Dex+4}
  1559 | D:3      | Found a runed translucent door.
  1560 | D:3      | Noticed Crazy Yiuf
  1567 | D:3      | Killed Crazy Yiuf
  1970 | D:3      | Reached skill level 5 in Fighting
  1972 | D:3      | Found Ydyq's Vocational Training.
  1977 | D:3      | Reached XP level 6. HP: 56/56 MP: 5/5
  2347 | D:4      | Noticed Duvessa
  2347 | D:4      | Noticed Dowan
  2351 | D:4      | Killed Dowan
  2355 | D:4      | Killed Duvessa
  2606 | D:4      | Noticed a sky beast
  2608 | D:4      | Found a staircase to the Ecumenical Temple.
  2620 | D:4      | Killed a sky beast
  2621 | D:4      | Reached skill level 6 in Fighting
  2621 | D:4      | Reached skill level 5 in Axes
  2621 | D:4      | Reached XP level 7. HP: 57/63 MP: 6/6
  2626 | Temple   | Entered the Ecumenical Temple
  2626 | Temple   | Found a transporter.
  2626 | Temple   | Found a transporter.
  2653 | Temple   | Found a transporter.
  2653 | Temple   | Found a transporter.
  2668 | Temple   | Became a worshipper of Warmaster Okawaru
  2952 | D:4      | Reached skill level 5 in Armour
  3105 | D:4      | Noticed Natasha
  3114 | D:4      | Killed Natasha
  3115 | D:4      | Reached skill level 5 in Shields
  3419 | D:5      | Entered Level 5 of the Dungeon
  3455 | D:5      | Found a blossoming altar of Fedhas.
  3499 | D:5      | Found a broken altar of Ashenzari.
  3636 | D:5      | Found a sand-covered staircase.
  3640 | Ossuary  | Entered an ossuary
  3738 | Ossuary  | Reached XP level 8. HP: 71/71 MP: 7/7
  3803 | Ossuary  | Reached * piety under Okawaru
  3814 | Ossuary  | Reached skill level 7 in Fighting
  3861 | Ossuary  | Reached skill level 5 in Maces & Flails
  4263 | D:5      | Found Tuduvvet's Distillery.
  4972 | D:6      | Reached ** piety under Okawaru
  5073 | D:6      | Reached skill level 8 in Fighting
  5073 | D:6      | Reached XP level 9. HP: 74/81 MP: 8/8
  5561 | D:6      | Reached skill level 1 in Dodging
  5714 | D:7      | Reached skill level 1 in Invocations
  5969 | D:7      | Identified the +4 dagger "Kotein" {freeze, Dex+3 Stlth+}
  6613 | D:8      | Reached *** piety under Okawaru
  6980 | D:8      | Noticed Maurice
  6987 | D:8      | Killed Maurice
  7083 | D:8      | Reached skill level 9 in Fighting
  7547 | D:8      | Noticed Grum
  7556 | D:8      | Killed Grum
  7558 | D:8      | Reached **** piety under Okawaru
  7917 | D:8      | Reached XP level 10. HP: 88/91 MP: 10/10
  8152 | D:9      | Found a glowing golden altar of the Shining One.
  8159 | D:9      | Found a staircase to the Orcish Mines.
  8174 | D:9      | Noticed a manticore
  9119 | D:9      | Killed a manticore
  9319 | D:10     | Entered Level 10 of the Dungeon
  9367 | D:10     | Noticed a gargoyle
  9371 | D:10     | Killed a gargoyle
  9372 | D:10     | Reached skill level 10 in Fighting
  9372 | D:10     | Noticed Snorg
  9380 | D:10     | Killed Snorg
  9380 | D:10     | Reached ***** piety under Okawaru
  9534 | D:10     | Noticed a two-headed ogre
  9915 | D:10     | Found a basalt altar of Yredelemnul.
  9920 | D:10     | Found an opulent altar of Gozag.
  9925 | D:10     | Found a hazy altar of Hepliaklqana.
  9937 | D:10     | Found a sacrificial altar of Ru.
  9942 | D:10     | Found a bloodstained altar of Trog.
  9946 | D:10     | Found a white marble altar of Elyvilon.
 10053 | D:10     | Found Paajuek's Book Shop.
 10054 | D:10     | Noticed Erica
 10069 | D:10     | Killed Erica
 10070 | D:10     | Reached skill level 10 in Axes
 10070 | D:10     | Reached XP level 11. HP: 46/101 MP: 12/12
 10324 | D:10     | Noticed Erolcha
 10334 | D:10     | Killed Erolcha
 10343 | D:10     | Killed a two-headed ogre
 10445 | D:10     | Found a staircase to the Lair.
 10721 | D:11     | Found a runed translucent door.
 10721 | D:11     | Noticed a two-headed ogre
 10724 | D:11     | Killed a two-headed ogre
 10724 | D:11     | Received a gift from Okawaru
 10724 | D:11     | Reached ****** piety under Okawaru
 10785 | D:11     | Noticed rlgrobin's ghost (journeyman TeFE)
 10807 | D:11     | Reached skill level 11 in Fighting
 11028 | D:11     | Reached skill level 10 in Maces & Flails
 11035 | D:11     | Reached skill level 5 in Dodging
 11363 | D:11     | Identified 2 scrolls of acquirement
 11368 | D:11     | Acquired 447 gold pieces
 11370 | D:11     | Acquired a manual of Shields
 11580 | D:11     | Noticed Nergalle
 11587 | D:11     | Killed Nergalle
 11643 | D:11     | Noticed a boulder beetle
 11786 | D:11     | Killed a boulder beetle
 12853 | D:12     | Reached XP level 12. HP: 97/110 MP: 14/14
 12926 | D:12     | Reached skill level 5 in Invocations
 13229 | D:12     | Identified the +7 hand axe "Gefiel" {flame, rC+ Int+5
                  | Dex-2} (Okawaru gifted it to you on level 12 of the
                  | Dungeon)
 13229 | D:12     | Received a gift from Okawaru
 13699 | D:13     | Noticed an eight-headed hydra
 13706 | D:13     | Noticed a centaur warrior
 13706 | D:13     | Noticed a tengu warrior
 13710 | D:13     | Killed a three-headed hydra
 13711 | D:13     | Reached skill level 12 in Fighting
 13713 | D:13     | Found a large runed translucent door.
 13713 | D:13     | Noticed a tengu warrior
 13714 | D:13     | Noticed a centaur warrior
 13716 | D:13     | Noticed a sphinx
 14100 | D:13     | Killed a centaur warrior
 14214 | D:13     | Killed a tengu warrior
 14273 | D:13     | Killed a centaur warrior
 14586 | D:13     | Killed a tengu warrior
 14587 | D:13     | Reached skill level 10 in Shields
 14789 | D:13     | Found a large runed translucent door.
 14790 | D:13     | Found a large runed translucent door.
 14819 | D:13     | Noticed a boulder beetle
 14925 | D:12     | Received a gift from Okawaru
 15081 | D:12     | Killed a boulder beetle
 15423 | D:13     | Found a large runed translucent door.
 15698 | D:13     | Noticed a boulder beetle
 15713 | D:13     | Killed a boulder beetle
 15912 | D:13     | Noticed a deep troll earth mage
 15947 | D:13     | Reached XP level 13. HP: 82/119 MP: 16/16
 16257 | D:13     | Reached skill level 13 in Fighting
 16437 | D:13     | Found a large runed translucent door.
 16446 | D:13     | Found a large runed translucent door.
 16449 | D:13     | Found a large runed translucent door.
 16494 | D:13     | Received a gift from Okawaru
 16749 | D:13     | Found a large runed translucent door.
 17232 | D:14     | Reached skill level 10 in Armour
 17866 | D:14     | Found a gate to the Vaults.
 18815 | Lair:1   | Entered Level 1 of the Lair of Beasts
 18915 | Lair:1   | Noticed Urug
 18928 | Lair:1   | Killed Urug
 18928 | Lair:1   | Received a gift from Okawaru
 19111 | Lair:1   | Noticed Amaemon
 19118 | Lair:1   | Killed Amaemon
 19370 | Lair:1   | Reached skill level 1 in Throwing
 20007 | Lair:2   | Found a hole to the Spider Nest.
 20016 | Lair:2   | Found a transporter.
 20020 | Lair:2   | Found a transporter.
 20020 | Lair:2   | Noticed Sensen's ghost (journeyman MiBe)
 20756 | Lair:3   | Received a gift from Okawaru
 20860 | Lair:3   | Found a staircase to the Shoals.
 20865 | Lair:3   | Reached skill level 14 in Fighting
 20865 | Lair:3   | Reached XP level 14. HP: 104/132 MP: 18/18
 21333 | Lair:3   | You fall into a shaft and drop 2 floors!
 21333 | Lair:5   | Entered Level 5 of the Lair of Beasts
 21333 | Lair:5   | Identified the +9 trident "Panoudogh" {vorpal, rPois}
 21334 | Lair:5   | Noticed Josephine
 21461 | Lair:5   | Received a gift from Okawaru
 21475 | Lair:5   | Killed Josephine
 21507 | Lair:5   | Received a gift from Okawaru
 22339 | Lair:5   | Acquired a ring "Valiocots" {Fly rPois rC- rN+ Dex+2
                  | Stlth+}
 24254 | Lair:5   | Found a staircase to the Slime Pits.
 24285 | Lair:5   | Found a runed translucent door.
 24319 | Lair:5   | Received a gift from Okawaru
 24434 | Lair:5   | Received a gift from Okawaru
 24435 | Lair:5   | Reached skill level 15 in Fighting
 24581 | Lair:5   | Reached XP level 15. HP: 131/141 MP: 19/19
 25273 | Orc:1    | Entered Level 1 of the Orcish Mines
 25273 | Orc:1    | Found Jitosiri's Antique Weapon Boutique.
 25287 | Orc:1    | Reached skill level 15 in Axes
 25446 | Orc:2    | Entered Level 2 of the Orcish Mines
 25455 | Orc:2    | Noticed Saint Roka
 25648 | Orc:2    | Killed Saint Roka
 25652 | Orc:2    | Identified the +9 battleaxe "Giliotes" {vorpal, rN++ MP-9
                  | Stlth+} (Okawaru gifted it to you on level 2 of the Orcish
                  | Mines)
 25652 | Orc:2    | Received a gift from Okawaru
 25876 | Orc:2    | Found a staircase to the Elven Halls.
 26308 | Orc:2    | Noticed an orc warlord
 26341 | Orc:2    | Killed an orc warlord
 26519 | Orc:2    | Found God Ibu's Weapon Shop.
 26519 | Orc:2    | Found Hinu's Distillery.
 26521 | Orc:2    | Found Immood's Jewellery Shoppe.
 26523 | Orc:2    | Found Weam Uge's Antique Weapon Boutique.
 26553 | Orc:2    | Bought the amulet "Hifeok" {Acrobat Regen+ rCorr MP+9
                  | Stlth-} for 781 gold pieces
 27242 | Orc:1    | Found Filobryqykk's Magic Scroll Boutique.
 27245 | Orc:1    | Found Jytetz's General Store.
 27270 | Orc:1    | Bought a scroll of acquirement for 936 gold pieces
 27270 | Orc:1    | Acquired a manual of Fighting
 27292 | Orc:1    | Found Usissuc's Antique Armour Shop.
 27571 | D:11     | Identified the +5 halberd of Propriety {venom, rC+++ Str+4
                  | Int-2}
 27579 | D:11     | Killed rlgrobin's ghost
 27693 | Lair:2   | Killed Sensen's ghost
 27933 | D:13     | Paralysed by a sphinx for 4 turns
 27944 | D:13     | Killed a sphinx
 27950 | D:13     | Got the Anthology of Calefaction and the Throng
 28050 | D:13     | Received a gift from Okawaru
 28051 | D:13     | Reached skill level 15 in Maces & Flails
 28058 | D:13     | Got the Catalogue of Telluric Exhumation
 28132 | D:15     | Entered Level 15 of the Dungeon
 28441 | D:15     | Reached skill level 5 in Throwing
 28449 | D:15     | Received a gift from Okawaru
 28450 | D:15     | Reached skill level 16 in Fighting
 28492 | D:15     | Found a staircase to the Depths.
 28870 | D:15     | Received a gift from Okawaru
 29145 | D:15     | Identified the ring "Verina" {rF++ Str+6 Int-5 Dex+2}
 29439 | Shoals:1 | Entered Level 1 of the Shoals
 29447 | Shoals:1 | Identified the +7 demon whip of Subterfuge {pain, *Noise
                  | Int+7 Stlth+} (Okawaru gifted it to you on level 1 of the
                  | Shoals)
 29447 | Shoals:1 | Received a gift from Okawaru
 29653 | Shoals:1 | Reached XP level 16. HP: 128/152 MP: 21/21
 29885 | Shoals:1 | Noticed Mlioglotl
 29888 | Shoals:1 | Noticed a hellephant
 29894 | Shoals:1 | Identified the +0 tower shield of Perpetual Drought {rElec
                  | rN+}
 29894 | Shoals:1 | Noticed Louise
 29897 | Abyss:2  | Cast into level 2 of the Abyss (Louise)
 30018 | Abyss:2  | Noticed a tentacled starspawn
 30018 | Abyss:2  | Noticed a tentacled starspawn
 30028 | Abyss:2  | Killed a tentacled starspawn
 30028 | Abyss:2  | Killed a tentacled starspawn
 30130 | Abyss:2  | Noticed a Hell Sentinel
 30140 | Abyss:2  | Noticed a dread lich
 30154 | Abyss:3  | Found a corrupted altar of Lugonu.
 30177 | Shoals:1 | Escaped the Abyss
 30189 | Shoals:1 | Killed Louise
 30189 | Shoals:1 | Received a gift from Okawaru
 30375 | Shoals:1 | Killed Mlioglotl
 30376 | Shoals:1 | Reached skill level 17 in Fighting
 30830 | Shoals:2 | Found a hide-covered altar of Uskayaw.
 30967 | Shoals:2 | Reached skill level 10 in Dodging
 31086 | Shoals:2 | Noticed Aizul
 31098 | Shoals:2 | Killed Aizul
 31244 | Shoals:2 | You are sucked into a shaft and drop 1 floor!
 31257 | Shoals:3 | Reached skill level 15 in Shields
 31259 | Shoals:3 | Slain by an alligator snapping turtle

Illustrated notes

Levels and vault maps discovered:
D:1:      beargit_arrival_greenhouse, layout_basic
D:2:      layout_rooms, basic_altar, nicolae_ecumenical_lake_church,
          grunt_decor_clamped
D:3:      layout_loops_ring, serial_shops, nicolae_diamond_shop, serial_bayou,
          serial_bayou_pond_e, serial_bayou_pond_a, serial_bayou_pond_c,
          serial_bayou_lagoon_b, kennysheep_decorative_pillar,
          nicolae_shop_vocational, uniq_terence, uniq_crazy_yiuf_cottage
D:4:      layout_basic, minmay_temple_entry_overgrown, serial_rivers,
          chequers_serial_rivers_micro_b, chequers_serial_rivers_large_a,
          chequers_serial_rivers_micro_d, chequers_serial_rivers_micro_b,
          chequers_serial_rivers_micro_e, chequers_serial_rivers_small_3,
          uniq_natasha, uniq_duvessa
D:5:      layout_basic, mainiacjoe_overflow_cross_hatched,
          mainiacjoe_overflow_tiny_flanked, enter_ossuary_5, serial_shops,
          kennysheep_mini
D:6:      layout_cave_pods, water_maze_lemuel
D:7:      layout_basic, dk_noncrumbling_3
D:8:      layout_loops_ring, minmay_misc_feat_rugged, serial_bayou_lake_a,
          uniq_grum, uniq_maurice
D:9:      layout_long_grid, tso_oasis_becter, orc_0_dummy
D:10:     layout_basic, nicolae_overflow_hallway_of_the_gods, lair_entry_dummy,
          serial_shops, shop_statue, chequers_serial_rivers_room_b,
          uniq_erolcha, uniq_snorg, uniq_erica
D:11:     layout_grid_maze, gammafunk_ghost_grave, st_stairs_7, uniq_nergalle
D:12:     layout_roguey, hangedman_decor_opposing, grunt_ministairs_1
D:13:     minmay_five_octagons, layout_long_grid, wad_dig_loot
D:14:     layout_basic, erik_vaults_1
D:15:     grunt_enter_depths_hoard, layout_loops_ring, serial_co_window_serial,
          co_window_paths_a, co_window_paths_a, co_window_cross_1,
          co_window_corner_a, co_window_of_opportunity_a, co_window_broadway_c,
          co_window_broadway_b, co_window_corner_ca, co_window_broadway_b,
          co_window_4corner_b, glass_columns_a, glass_columns_a,
          glass_columns_a, drop_trap
Temple:   hellmonk_temple_divided_pantheon
Lair:1:   layout_cave_pods, grunt_megastairs_1, uniq_urug, uniq_amaemon
Lair:2:   layout_chaotic_city, spider_nest_entry_rubble, gammafunk_ghost_hive
Lair:3:   layout_cave_pods, minmay_shoals_entry_beasts, serial_bayou_shore_a
Lair:4:   layout_cave_pods, grunt_megastairs_2
Lair:5:   guppyfry_lair_end_dragon, layout_loops_ring, wormcave, slime_entry_1,
          patterned_corridor, grunt_megastairs_4, uniq_josephine
Shoals:1: layout_shoals, uniq_mlioglotl, uniq_louise
Shoals:2: layout_shoals, serial_shops, nicolae_shop_trees,
          regret_index_shoals_crete, uniq_aizul
Shoals:3: layout_shoals, uniq_mara
Orc:1:    layout_diamond_mine, serial_shops, nicolae_lakefront_shop, shop, shop,
          shop
Orc:2:    st_orc_rangers, layout_diamond_mine, uniq_saint_roka

Skill      XL: |  1  2  3  4  5  6  7  8  9 10 11 12 13 14 15 16 |
---------------+-------------------------------------------------+-----
Fighting       | 4 5 6 8 9 10 11 12 14 15 16 17 | 17.4
Maces & Flails | 1 2 3 4 6 7 9 10 11 13 14 15 | 15.8
Polearms       | 1 |  1.5
Axes           | 3 4 5 6 7 8 10 11 12 13 14 15 16 | 16.3
Armour         | 4 5 6 7 8 9 10 11 12 | 12.5
Shields        | 4 5 6 7 9 10 12 13 14 15 | 15.0
Dodging        | 2 4 5 6 7 8 9 10 | 10.1
Invocations    | 2 3 4 5 6 7 8 |  8.9
Throwing       | 1 4 5 |  5.9

Action                   |  1- 3 |  4- 6 |  7- 9 | 10-12 | 13-15 | 16-18 || total
-------------------------+-------+-------+-------+-------+-------+-------++-------
Melee: War axe           |    67 |    28 |       |       |       |       ||    95
       Headbutt          |     8 |    10 |    26 |    82 |   245 |    48 ||   419
       Shillelagh        |       |    36 |   191 |   360 |   935 |   203 ||  1725
       Hand axe          |       |       |       |     8 |       |       ||     8
Throw: Javelin           |       |       |     5 |    28 |       |     4 ||    37
       Boomerang         |       |       |       |     3 |       |     3 ||     6
       Dart              |       |       |       |    11 |    11 |     8 ||    30
Invok: Heroism           |       |       |       |       |     1 |       ||     1
       Finesse           |       |       |       |       |     1 |       ||     1
Evoke: Wand              |       |       |       |       |     3 |       ||     3
  Use: Scroll            |       |       |     6 |    11 |    10 |     6 ||    33
       Potion            |       |       |       |       |     3 |       ||     3
 Stab: Petrified         |       |       |       |       |     3 |       ||     3
       Petrifying        |       |       |       |       |     2 |       ||     2
Armor: Scale mail        |    35 |    24 |    60 |   187 |    43 |       ||   349
       Chain mail        |       |       |       |       |   244 |    59 ||   303
Dodge: Dodged            |    35 |    30 |    70 |   157 |   256 |    84 ||   632
Block: Buckler           |    23 |    13 |    28 |    86 |       |       ||   150
       Kite shield       |       |       |       |    32 |   415 |       ||   447
       Reflection        |       |       |       |       |    22 |       ||    22
       Tower shield      |       |       |       |       |   177 |   204 ||   381
